 Dungeon Crawl Stone Soup version 0.29-a0-330-g52719c12eb (webtiles) character file.

Game seed: 8271737610943154347

779 Crownlay the Firebug (level 7, -10/46 (51) HPs)
             Began as a Gnoll Fire Elementalist on May 3, 2022.
             Was a Believer of Vehumet.
             Mangled by a wight
             ... wielding a +0 great sword
              (13 damage)
             ... on level 5 of the Dungeon.
             The game lasted 00:10:10 (7523 turns).

Crownlay the Firebug (Gnoll Fire Elementalist)      Turns: 7523, Time: 00:10:10

HP:   -10/46 (51)   AC:  3    Str:  7    XL:     7   Next: 85%
MP:   4/15          EV: 13    Int: 17    God:    Vehumet [**....]
Gold: 220           SH:  0    Dex: 12    Spells: 3/17 levels left

rFire   . . .      SeeInvis .   d - +2 spear (venom)
rCold   . . .      Faith    .   (no shield)
rNeg    . . .      Spirit   .   a - +0 robe
rPois   .          Reflect  .   (no helmet)
rElec   .          Harm     .   k - +0 cloak
rCorr   +          Rampage  .   (no gloves)
Will    .....                   (no boots)
Stlth   +++.......              (no amulet)
HPRegen 0.15/turn               c - ring of resist corrosion
MPRegen 0.14/turn               (no ring)

@: drained
A: fangs 1, strong nose, distributed training
a: Renounce Religion


You were on level 5 of the Dungeon.
You worshipped Vehumet.
Vehumet was pleased with you.
You visited 1 branch of the dungeon, and saw 5 of its levels.
You also visited: Ossuary.

You collected 220 gold pieces.

Inventory:

Hand Weapons
 d - a +2 spear of venom (weapon)
Missiles
 s - 3 boomerangs of dispersal
Armour
 a - a +0 robe (worn)
 k - a +0 cloak (worn)
 l - a +0 helmet
Jewellery
 c - a ring of resist corrosion (left hand)
 n - an amulet of guardian spirit
Wands
 o - a wand of flame (9)
Scrolls
 e - a scroll of brand weapon
 h - 2 scrolls of amnesia
 j - a scroll of blinking
 p - 6 scrolls of teleportation
 r - a scroll of magic mapping
 w - a scroll of enchant armour
 x - a scroll of identify
Potions
 b - a potion of magic
 f - 2 potions of curing
 g - a potion of mutation {unknown}
 i - a potion of berserk rage {unknown}
 m - 3 potions of degeneration {unknown}
 q - a potion of brilliance {unknown}
 t - a potion of flight {unknown}
 u - 2 potions of heal wounds {unknown}
 v - a potion of ambrosia {unknown}


   Skills:
 + Level 2.7 Fighting
 + Level 2.7 Short Blades
 + Level 2.7 Long Blades
 + Level 2.7 Axes
 + Level 2.7 Maces & Flails
 + Level 2.7 Polearms
 + Level 2.7 Staves
 + Level 2.7 Slings
 + Level 2.7 Bows
 + Level 2.7 Crossbows
 + Level 2.7 Throwing
 + Level 2.7 Armour
 + Level 5.4 Dodging
 + Level 5.0 Stealth
 + Level 2.7 Shields
 + Level 2.7 Unarmed Combat
 + Level 5.7 Spellcasting
 + Level 3.1 Conjurations
 + Level 2.2 Hexes
 + Level 2.2 Summonings
 + Level 2.2 Necromancy
 + Level 2.2 Translocations
 + Level 2.2 Transmutations
 + Level 5.9 Fire Magic
 + Level 2.2 Ice Magic
 + Level 2.2 Air Magic
 + Level 2.2 Earth Magic
 + Level 2.2 Poison Magic
 + Level 3.0 Invocations
 + Level 2.7 Evocations


You had 3 spell levels left.
You knew the following spells:

 Your Spells              Type           Power      Damage    Failure   Level
a - Foxfire               Conj/Fire      80%        2x1d8     1%          1
b - Scorch                Fire           50%        2d8       1%          2
c - Flame Wave            Conj/Fire      20%        2d7       21%         4
d - Dispel Undead         Necr           12%        3d9       45%         4
e - Stone Arrow           Conj/Erth      28%        3d8       13%         3

Your spell library contained the following spells:

 Spells                   Type           Power      Damage    Failure   Level
 Conjure Flame            Conj/Fire      20%        6-21      6%          3
 Static Discharge         Conj/Air       14%        N/A       7%          2
 Sublimation of Blood     Necr           12%        N/A       8%          2
 Wereblood                Tmut           12%        N/A       8%          2
 Inner Flame              Hex/Fire       18%        N/A       8%          3
 Sticky Flame             Conj/Fire      20%        2d4       21%         4
 Summon Hydra             Summ           6%         N/A       100%        7


Dungeon Overview and Level Annotations

Branches:
Dungeon (5/15)             Temple (0/1) D:5         Ossuary (visited)

Altars:
Dithmenos
Gozag
Makhleb
Ru
Sif Muna
Vehumet
Wu Jian

Shops:
D:4 [


Innate Abilities, Weirdness & Mutations

You have very sharp teeth.
Your uncanny sense of smell can sniff out nearby items.
Your experience applies equally to all skills.


Message History

Flames lash the wight but do no damage.
The foxfire hits the wight.
The wight is heavily damaged.
The foxfire hits the wight but does no damage.
The wight is heavily damaged.
The foxfire hits the wight.
The wight is heavily damaged.
Your foxfire dissipates!
You conjure some foxfire!
The foxfire hits the wight but does no damage.
The wight is heavily damaged.
Casting: Foxfire (safe; 1% risk of failure)
Confirm with . or Enter, or press ? or * to list all spells.
Flames lash the wight.
The wight is severely damaged.
The wight's fire resistance burns away.
The foxfire hits the wight.
The wight is heavily damaged.
A wight comes into view. It is wielding a +0 great sword. x2
You conjure some foxfire!
The wight hits you with a +3 hand axe!
You feel drained.
The wight hits your foxfire with a +3 hand axe.
The wight misses you.
Your foxfire dissipates!
The wight attacks as you move away! The wight hits you with a +2 battleaxe!
You feel drained.
The foxfire hits the wight.
The wight is severely damaged.
Okay, then.
The wight attacks as you move away! The wight completely misses you.
The wight is no longer more vulnerable to fire.
There is a staircase to the Ecumenical Temple here.
You can't go up here!
The wight attacks as you move away! The wight hits you with a +2 battleaxe!
* * * LOW HITPOINT WARNING * * *
The wight attacks as you move away! The wight barely misses you.
The wight attacks as you move away!
The wight hits you with a +0 great sword.
* * * LOW HITPOINT WARNING * * *
You feel drained. The wight attacks as you move away!
The wight hits you with a +0 great sword!
You die...

.##.##...## #§v.
##..###'###.###+###....
#.........†............
.............<.....
......§≈§≈≈≈.
.....####.#####.###
#.#...≈≈..≈≈. ####'
#.....#.# #.#...§§_>§≈.
. #####.#.#
#.##..≈≈≈§≈≈. .
#.#.#####.#...≈§≈≈§≈.
..
#...@z...............
###.###z..#.#.....##. ∆
#.# #...(..........
#.###.#.##..#.##.## ∆
......#zz...#....[.
####.....##....#.##
##.##....##.#...
#....##......##
#..#....>.##...


You could see 2 wights.

Vanquished Creatures
  2 elf zombies (Ossuary)
  A scorpion (D:3)
  2 necrophages
  A hound (D:4)
  2 human zombies (Ossuary)
  Jessica (D:2)
  2 orc wizards (D:3)
  Ijyb (D:3)
  4 mummies
  4 adders
  A white imp (D:5)
  6 adder zombies (Ossuary)
  3 worms
  4 dart slugs
  11 orcs
  6 endoplasms
  A giant cockroach (D:4)
  14 goblins
  16 hobgoblins
  6 jackals
  3 quokkas (D:1)
  4 ball pythons
  7 bats
  4 frilled lizards
  A gnoll zombie (Ossuary)
  A goblin zombie (Ossuary)
  2 hobgoblin zombies (Ossuary)
  6 jackal zombies (Ossuary)
  5 kobolds
  4 kobold zombies (Ossuary)
  3 orc zombies
  3 quokka zombies (Ossuary)
  2 rats
  3 rat zombies (Ossuary)
136 creatures vanquished.

Vanquished Creatures (collateral kills)
  8 foxfires (D:3)
8 creatures vanquished.

Vanquished Creatures (others)
  621 foxfires
  6 plants (D:3)
627 creatures vanquished.

Grand Total: 771 creatures vanquished

Notes
Turn   | Place    | Note
-------+----------+-------------------------------------------
     0 | D:1      | Crownlay the Gnoll Fire Elementalist began the quest for
                  | the Orb.
     0 | D:1      | Reached XP level 1. HP: 13/13 MP: 6/6
   476 | D:1      | Reached XP level 2. HP: 19/19 MP: 1/7
  1046 | D:1      | Learned a level 2 spell: Scorch
  1413 | D:1      | Reached XP level 3. HP: 25/25 MP: 7/9
  1611 | D:1      | Reached skill level 5 in Spellcasting
  2062 | D:2      | Identified the +2 whip "Keatud" {speed, rPois rCorr Int-3}
  2247 | D:2      | Reached skill level 1 in Invocations
  2274 | D:2      | Noticed Jessica
  2278 | D:2      | Killed Jessica
  2279 | D:2      | Reached skill level 1 in Fighting
  2279 | D:2      | Reached skill level 1 in Short Blades
  2279 | D:2      | Reached skill level 1 in Long Blades
  2279 | D:2      | Reached skill level 1 in Axes
  2279 | D:2      | Reached skill level 1 in Maces & Flails
  2279 | D:2      | Reached skill level 1 in Polearms
  2279 | D:2      | Reached skill level 1 in Staves
  2279 | D:2      | Reached skill level 1 in Slings
  2279 | D:2      | Reached skill level 1 in Bows
  2279 | D:2      | Reached skill level 1 in Crossbows
  2279 | D:2      | Reached skill level 1 in Throwing
  2279 | D:2      | Reached skill level 1 in Armour
  2279 | D:2      | Reached skill level 1 in Shields
  2279 | D:2      | Reached skill level 1 in Unarmed Combat
  2279 | D:2      | Reached skill level 1 in Evocations
  2279 | D:2      | Reached XP level 4. HP: 32/32 MP: 3/11
  3011 | D:2      | Found a faded altar of an unknown god.
  3326 | D:3      | Reached skill level 1 in Hexes
  3326 | D:3      | Reached skill level 1 in Summonings
  3326 | D:3      | Reached skill level 1 in Necromancy
  3326 | D:3      | Reached skill level 1 in Translocations
  3326 | D:3      | Reached skill level 1 in Transmutations
  3326 | D:3      | Reached skill level 1 in Ice Magic
  3326 | D:3      | Reached skill level 1 in Air Magic
  3326 | D:3      | Reached skill level 1 in Earth Magic
  3326 | D:3      | Reached skill level 1 in Poison Magic
  3561 | D:3      | Found an opulent altar of Gozag.
  3564 | D:3      | Found a radiant altar of Vehumet.
  3566 | D:3      | Found a shimmering blue altar of Sif Muna.
  3572 | D:3      | Became a worshipper of Vehumet
  3577 | D:3      | Noticed Ijyb
  3587 | D:3      | Killed Ijyb
  3588 | D:3      | Reached XP level 5. HP: 34/37 MP: 0/12
  4085 | D:3      | Reached * piety under Vehumet
  4085 | D:3      | Offered knowledge of Freeze by Vehumet.
  4488 | D:4      | Found Ruvih's Armour Boutique.
  4793 | D:4      | Found an ornate altar of the Wu Jian Council.
  4884 | D:4      | Reached XP level 6. HP: 44/44 MP: 5/13
  4970 | D:4      | Learned a level 4 spell: Flame Wave
  5136 | D:3      | Reached skill level 5 in Dodging
  6149 | D:4      | Found a sacrificial altar of Ru.
  6184 | D:5      | Entered Level 5 of the Dungeon
  6195 | D:5      | Found a shadowy altar of Dithmenos.
  6203 | D:5      | Reached XP level 7. HP: 50/50 MP: 7/15
  6236 | D:5      | Found a sand-covered staircase.
  6340 | Ossuary  | Entered an ossuary
  6479 | Ossuary  | Offered knowledge of Searing Ray by Vehumet.
  6492 | Ossuary  | Learned a level 4 spell: Dispel Undead
  6515 | Ossuary  | Reached ** piety under Vehumet
  7112 | Ossuary  | Reached skill level 5 in Stealth
  7352 | Ossuary  | Offered knowledge of Stone Arrow by Vehumet.
  7425 | Ossuary  | Learned a level 3 spell: Stone Arrow
  7475 | D:5      | Found a burning altar of Makhleb.
  7477 | D:5      | Found a staircase to the Ecumenical Temple.
  7523 | D:5      | Mangled by a wight

Illustrated notes

Levels and vault maps discovered:
D:1:      evilmike_arrival_hilbert_curve, layout_loops_ring
D:2:      layout_basic, dilly_ecumenical_altar_fadedgnrine, minmay_statues_item,
          minmay_surrounded, uniq_jessica
D:3:      cheibrodos_greedy_goblins, layout_rooms, grunt_temple_overflow_open,
          serial_bayou, serial_bayou_ford_a, serial_bayou_crossing,
          serial_bayou_lagoon_b, serial_bayou_lake_a, serial_bayou_pond_b,
          uniq_ijyb
D:4:      layout_loops_corners, mainiacjoe_overflow_brackets,
          nicolae_wu_jian_immortal_techniques, serial_shops,
          nicolae_stop_n_shop_1, minmay_fountain_box
D:5:      layout_basic, tso_oasis_becter, general_overflow_altar,
          kennysheep_little_box, nicolae_qazlal_style_of_elements,
          grunt_dithmenos_smoke_and_mirrors, minmay_temple_entry_ruins,
          nicolae_ossuary_entry_giza, serial_undead, serial_undead_f,
          serial_undead_c, serial_undead_a, serial_undead_b

Skill      XL: |  1  2  3  4  5  6  7 |
---------------+----------------------+-----
Conjurations   | 2 3 |  3.1
Spellcasting   | 5 |  5.7
Invocations    | 1 2 3 |  3.0
Fighting       | 1 2 |  2.7
Short Blades   | 1 2 |  2.7
Long Blades    | 1 2 |  2.7
Axes           | 1 2 |  2.7
Maces & Flails | 1 2 |  2.7
Polearms       | 1 2 |  2.7
Staves         | 1 2 |  2.7
Slings         | 1 2 |  2.7
Bows           | 1 2 |  2.7
Crossbows      | 1 2 |  2.7
Throwing       | 1 2 |  2.7
Armour         | 1 2 |  2.7
Shields        | 1 2 |  2.7
Unarmed Combat | 1 2 |  2.7
Evocations     | 1 2 |  2.7
Hexes          | 1 2 |  2.2
Summonings     | 1 2 |  2.2
Necromancy     | 1 2 |  2.2
Translocations | 1 2 |  2.2
Transmutations | 1 2 |  2.2
Ice Magic      | 1 2 |  2.2
Air Magic      | 1 2 |  2.2
Earth Magic    | 1 2 |  2.2
Poison Magic   | 1 2 |  2.2
Dodging        | 5 |  5.4
Stealth        | 5 |  5.0
Fire Magic     | |  5.9

Action                   |  1- 3 |  4- 6 |  7- 9 || total
-------------------------+-------+-------+-------++-------
Melee: Unarmed           |     1 |       |       ||     1
       Spear             |    16 |    39 |    60 ||   115
       Bite              |     3 |     5 |     3 ||    11
       Punch             |       |       |     1 ||     1
 Cast: Foxfire           |    92 |   164 |   129 ||   385
       Scorch            |     2 |     5 |     9 ||    16
       Dispel Undead     |       |       |     1 ||     1
  Use: Scroll            |       |    10 |     1 ||    11
 Stab: Sleeping          |     1 |     2 |     1 ||     4
Armor: Robe              |     4 |     4 |     8 ||    16
Dodge: Dodged            |    21 |    46 |    45 ||   112

Table legend: (Time is in decaauts)
 A = Elapsed time spent in this place.
 B = Non-inter-level travel time spent in this place.
 C = Inter-level travel time spent in this place.
 D = Time resting spent in this place.
 E = Time spent auto-exploring this place.
 F = Levels seen in this place.
 G = Mean time per level.
                   A        B        C        D        E       F      G
               +--------+--------+--------+--------+--------+-----+--------+
         Total |   7615 |   7475 |    140 |    338 |   6081 |   6 | 1269.2 |
       Dungeon |   6523 |   6383 |    140 |    338 |   5214 |   5 | 1304.6 |
       Ossuary |   1092 |   1092 |      0 |      0 |    867 |   1 | 1092.0 |
               +--------+--------+--------+--------+--------+-----+--------+

Top non-repeatable levels by time:
     D:1: 1675 daAuts
     D:3: 1601 daAuts
     D:2: 1525 daAuts
     D:4: 1475 daAuts
 Ossuary: 1092 daAuts
     D:5: 245 daAuts
